 Dungeon Crawl Stone Soup version 0.28.0-45-g0d030f2227 (webtiles) character file.

Game seed: 16456515445249899650

65 L33tCrusader the Chopper (level 4, -2/41 HPs)
             Began as a Gnoll Cinder Acolyte on Apr 12, 2022.
             Was a Priest of Ignis.
             Slain by a gnoll
             ... wielding a +0 spear
              (6 damage)
             ... on level 4 of the Dungeon.
             The game lasted 00:08:44 (1690 turns).

L33tCrusader the Chopper (Gnoll Cinder Acolyte)     Turns: 1690, Time: 00:08:44

Health: -2/41      AC:  2    Str: 15    XL:     4   Next: 13%
Magic:  2/8        EV: 11    Int: 13    God:    Ignis [***...]
Gold:   104        SH:  0    Dex:  8    Spells: 6/8 levels left

rFire   + . .      SeeInvis .   a - -1 hand axe (flame)
rCold   . . .      Faith    .   (no shield)
rNeg    . . .      Spirit   .   b - +0 robe
rPois   .          Reflect  .   (no helmet)
rElec   .          Harm     .   (no cloak)
rCorr   .          Rampage  .   (no gloves)
Will    .....                   (no boots)
Stlth   +.........              (no amulet)
HPRegen 0.13/turn               (no ring)
MPRegen 0.11/turn               (no ring)

@: no status effects
A: fangs 1, strong nose, distributed training
a: Renounce Religion, Fiery Armour, Foxfire Swarm


You were on level 4 of the Dungeon.
You worshipped Ignis.
Ignis was most pleased with you.
You visited 1 branch of the dungeon, and saw 3 of its levels.

You collected 104 gold pieces.

Inventory:

Hand Weapons
 a - a -1 hand axe of flaming (weapon)
Armour
 b - a +0 robe (worn)
 h - a +0 ring mail
Jewellery
 e - a ring of ice
Scrolls
 d - a scroll of brand weapon {unknown}
Potions
 f - a potion of haste {unknown}
 g - a potion of brilliance {unknown}


   Skills:
 + Level 6.6 Fighting
 + Level 1.0 Short Blades
 + Level 1.0 Long Blades
 + Level 6.6 Axes
 + Level 1.0 Maces & Flails
 + Level 1.0 Polearms
 + Level 1.0 Staves
 + Level 1.0 Slings
 + Level 1.0 Bows
 + Level 1.0 Crossbows
 + Level 1.0 Throwing
 + Level 1.0 Armour
 + Level 1.0 Dodging
 + Level 1.0 Stealth
 + Level 1.0 Shields
 + Level 1.0 Unarmed Combat
 + Level 2.9 Spellcasting
 + Level 0.8 Conjurations
 + Level 0.8 Hexes
 + Level 0.8 Summonings
 + Level 0.8 Necromancy
 + Level 0.8 Translocations
 + Level 0.8 Transmutations
 + Level 5.4 Fire Magic
 + Level 0.8 Ice Magic
 + Level 0.8 Air Magic
 + Level 0.8 Earth Magic
 + Level 0.8 Poison Magic
 + Level 1.1 Invocations
 + Level 1.0 Evocations


You had 6 spell levels left.
You knew the following spells:

 Your Spells              Type           Power      Damage    Failure   Level
a - Scorch                Fire           32%        2d7       3%          2

Your spell library contained the following spells:

 Spells                   Type           Power      Damage    Failure   Level
 Gell's Gravitas          Tloc           4%         N/A       45%         3
 Teleport Other           Tloc           4%         N/A       45%         3
 Dispersal                Tloc           2%         N/A       100%        6


Dungeon Overview and Level Annotations

Branches:
Dungeon (2/15)

Altars:


Innate Abilities, Weirdness & Mutations

You have very sharp teeth.
Your uncanny sense of smell can sniff out nearby items.
Your experience applies equally to all skills.


Message History

Your attack snaps the kobold out of its fear.
The foxfire hits the orc.
The orc is lightly wounded.
Your attack snaps the orc out of its fear.
The foxfire hits the water moccasin skeleton.
The water moccasin skeleton is lightly damaged.
The foxfire hits the gnoll.
The gnoll is moderately wounded.
Your attack snaps the gnoll out of its fear.
The foxfire hits the orc.
The orc is heavily wounded.
Your attack snaps the orc out of its fear.
The foxfire hits the gnoll.
The gnoll is lightly wounded.
Your attack snaps the gnoll out of its fear.
The foxfire hits the water moccasin skeleton.
The water moccasin skeleton is lightly damaged.
The foxfire hits the kobold.
You kill the kobold!
The foxfire hits the gnoll.
The gnoll is heavily wounded.
The foxfire hits the orc.
You kill the orc!
The foxfire hits the water moccasin skeleton.
The water moccasin skeleton is moderately damaged.
The foxfire hits the gnoll.
The gnoll is severely wounded.
The foxfire hits the water moccasin skeleton.
The water moccasin skeleton is heavily damaged.
The foxfire hits the orc.
The orc is almost dead.
The foxfire hits the gnoll.
The gnoll is lightly wounded.
Your attack snaps the gnoll out of its fear.
The foxfire hits the orc.
You kill the orc!
The gnoll hits you from afar with a +0 spear.
* * * LOW HITPOINT WARNING * * *
The gnoll hits you from afar with a +0 spear.
You die...

.... .. ......
... ...... #..#
......######....
..............#
......Z.§§§..##
.........§....##
.o.....)@§g.....
.[.....)).......
......§.ggg..#..
#........#..## ∆
###.###..#..#
##. #.....# #.
##).### #.###
#...##
##....###†...#


You could see 4 gnolls, an orc (fleeing) and a water moccasin skeleton.

Vanquished Creatures
  An adder (D:2)
  2 dart slugs (D:1)
  6 orcs
  6 bats
  2 endoplasms
  A giant cockroach (D:1)
  4 goblins
  5 hobgoblins
  3 jackals (D:1)
  3 quokkas
  3 ball pythons
  3 frilled lizards (D:1)
  3 kobolds
  2 rats (D:1)
44 creatures vanquished.

Vanquished Creatures (others)
  47 foxfires
47 creatures vanquished.

Grand Total: 91 creatures vanquished

Notes
Turn   | Place    | Note
-------+----------+-------------------------------------------
     0 | D:1      | L33tCrusader the Gnoll Cinder Acolyte began the quest for
                  | the Orb.
     0 | D:1      | Reached XP level 1. HP: 23/23 MP: 4/4
   219 | D:1      | Reached XP level 2. HP: 29/29 MP: 5/5
   407 | D:1      | Found a faded altar of an unknown god.
   474 | D:1      | Reached XP level 3. HP: 35/35 MP: 7/7
   639 | D:1      | Learned a level 2 spell: Scorch
   931 | D:2      | Reached skill level 1 in Invocations
  1218 | D:1      | You fall into a shaft and drop 1 floor!
  1312 | D:2      | Reached skill level 1 in Short Blades
  1312 | D:2      | Reached skill level 1 in Long Blades
  1312 | D:2      | Reached skill level 1 in Maces & Flails
  1312 | D:2      | Reached skill level 1 in Polearms
  1312 | D:2      | Reached skill level 1 in Staves
  1312 | D:2      | Reached skill level 1 in Slings
  1312 | D:2      | Reached skill level 1 in Bows
  1312 | D:2      | Reached skill level 1 in Crossbows
  1312 | D:2      | Reached skill level 1 in Throwing
  1312 | D:2      | Reached skill level 1 in Armour
  1312 | D:2      | Reached skill level 1 in Dodging
  1312 | D:2      | Reached skill level 1 in Stealth
  1312 | D:2      | Reached skill level 1 in Shields
  1312 | D:2      | Reached skill level 1 in Unarmed Combat
  1312 | D:2      | Reached skill level 1 in Evocations
  1373 | D:2      | Reached XP level 4. HP: 35/41 MP: 8/8
  1665 | D:2      | You fall into a shaft and drop 2 floors!
  1690 | D:4      | Slain by a gnoll

Illustrated notes

Levels and vault maps discovered:
D:1:      onia_arrival_pentagram, layout_basic,
          dreamdust_ecumenical_altar_statues
D:2:      layout_loops_corners, corexii_leaking_fountain, wad_orctagon
D:4:      layout_cave_pools, uniq_grinder

Skill      XL: |  1  2  3 |
---------------+----------+-----
Invocations    | 1 |  1.1
Short Blades   | 1 |  1.0
Long Blades    | 1 |  1.0
Maces & Flails | 1 |  1.0
Polearms       | 1 |  1.0
Staves         | 1 |  1.0
Slings         | 1 |  1.0
Bows           | 1 |  1.0
Crossbows      | 1 |  1.0
Throwing       | 1 |  1.0
Armour         | 1 |  1.0
Dodging        | 1 |  1.0
Stealth        | 1 |  1.0
Shields        | 1 |  1.0
Unarmed Combat | 1 |  1.0
Evocations     | 1 |  1.0
Fighting       | |  6.6
Axes           | |  6.6
Spellcasting   | |  2.9
Conjurations   | |  0.8
Hexes          | |  0.8
Summonings     | |  0.8
Necromancy     | |  0.8
Translocations | |  0.8
Transmutations | |  0.8
Fire Magic     | |  5.4
Ice Magic      | |  0.8
Air Magic      | |  0.8
Earth Magic    | |  0.8
Poison Magic   | |  0.8

Action                   |  1- 3 |  4- 6 || total
-------------------------+-------+-------++-------
Melee: Hand axe          |   110 |     1 ||   111
       Bite              |     7 |       ||     7
 Cast: Scorch            |     1 |     4 ||     5
Invok: Foxfire Swarm     |     3 |     1 ||     4
       Fiery Armour      |     1 |       ||     1
       Rising Flame      |     1 |       ||     1
  Use: Scroll            |     2 |     1 ||     3
Armor: Robe              |    38 |     2 ||    40
Dodge: Dodged            |    83 |    11 ||    94
